 Dungeon Crawl Stone Soup version 0.28.0-53-g5a82cb258f (webtiles) character file.

Game seed: 11761567717399111885

63 Infinimo the Cudgeller (level 4, -1/48 HPs)
             Began as an Ogre Gladiator on May 29, 2022.
             Slain by a goblin
             ... wielding a +0 club
             ... led by Robin
              (3 damage)
             ... on level 1 of the Dungeon.
             The game lasted 00:02:14 (1757 turns).

Infinimo the Cudgeller (Ogre Gladiator)             Turns: 1757, Time: 00:02:14

Health: -1/48      AC:  3    Str: 20    XL:     4   Next: 10%
Magic:  4/4        EV: 10    Int:  9    God:
Gold:   68         SH:  0    Dex: 10    Spells: 3/3 levels left

rFire   . . .      SeeInvis .   a - +1 flail (freeze)
rCold   . . .      Faith    .   (no shield)
rNeg    . . .      Spirit   .   b - +0 robe
rPois   .          Reflect  .   c - +0 hat
rElec   .          Harm     .   (no cloak)
rCorr   .          Rampage  .   (gloves unavailable)
Will    .....                   (boots unavailable)
Stlth   +.........              (no amulet)
HPRegen 0.16/turn               (no ring)
MPRegen 0.09/turn               (no ring)

@: no status effects
A: large, unfitting armour, tough skin 1
a: no special abilities


You were on level 1 of the Dungeon.
You visited 1 branch of the dungeon, and saw 2 of its levels.

You collected 68 gold pieces.

Inventory:

Hand Weapons
 a - a +1 flail of freezing (weapon)
Missiles
 d - 3 throwing nets (quivered)
Armour
 b - a +0 robe (worn)
 c - a +0 hat (worn)
Scrolls
 e - 2 scrolls of identify
 h - a scroll of enchant armour {unknown}


   Skills:
 + Level 3.9 Fighting
 * Level 3.9 Maces & Flails
 - Level 2.0 Throwing
 - Level 2.6 Dodging


You had 3 spell levels left.
You didn't know any spells.
Your spell library was empty.

Dungeon Overview and Level Annotations

Branches:
Dungeon (2/15)

Altars:


Innate Abilities, Weirdness & Mutations

You are too large for most types of armour.
You have tough skin. (AC +1)


Message History

The goblin hits you with a staff of earth.
The goblin hits you with a +0 club.
The hobgoblin hits you but does no damage.
The hobgoblin hits you.
The goblin hits you with a staff of earth.
The goblin hits you with a +0 club. The hobgoblin hits you.
The hobgoblin closely misses you. The goblin closely misses you.
The goblin hits you with a +0 club.
The hobgoblin hits you but does no damage.
The hobgoblin closely misses you. The goblin hits you but does no damage.
The goblin hits you but does no damage. The hobgoblin hits you.
The hobgoblin barely misses you.
The goblin hits you with a staff of earth.
The goblin closely misses you. The hobgoblin hits you. x2
The goblin hits you with a staff of earth.
The goblin closely misses you. The hobgoblin closely misses you.
The hobgoblin hits you but does no damage.
The goblin hits you but does no damage. The goblin hits you but does no damage.
The hobgoblin misses you. The hobgoblin barely misses you.
The goblin closely misses you. The goblin hits you with a +0 club.
The hobgoblin hits you.
* * * LOW HITPOINT WARNING * * *
The hobgoblin hits you.
* * * LOW HITPOINT WARNING * * *
The goblin closely misses you.
Okay, then.
You aren't carrying any potions.
As you read the scroll labelled IHUEMA BEROABB, it crumbles to dust.
It is a scroll of enchant weapon.
Your +0 flail of freezing glows red for a moment.
The goblin hits you with a +0 club.
* * * LOW HITPOINT WARNING * * *
The hobgoblin hits you.
* * * LOW HITPOINT WARNING * * *
The hobgoblin hits you.
* * * LOW HITPOINT WARNING * * *
The goblin hits you with a staff of earth.
* * * LOW HITPOINT WARNING * * *
The goblin hits you with a +0 club.
You die...

..........# ##...##
#.##. .###>###.## ##'##
#.##. .# #.# #.# #.#
#..## .# #.###.#####
#.# ##.# .# #.........#
##.## #.#
.#######.###.###...##
#.#
.........#.......)..#
#.#
##########.###.#gg.###
#.# #.#
#.g@g...#########.#
#.###.#####...........#
#.....# #############
#######


You could see 2 hobgoblins and 2 goblins.

Vanquished Creatures
  Robin (D:2)
  A gnoll (D:1)
  3 endoplasms
  A giant cockroach (D:1)
  7 goblins
  6 hobgoblins
  3 jackals (D:2)
  2 quokkas (D:1)
  2 ball pythons (D:1)
  4 bats (D:1)
  A frilled lizard (D:1)
  4 kobolds (D:1)
  A rat (D:1)
36 creatures vanquished.

Notes
Turn   | Place    | Note
-------+----------+-------------------------------------------
     0 | D:1      | Infinimo the Ogre Gladiator began the quest for the Orb.
     0 | D:1      | Reached XP level 1. HP: 22/22 MP: 1/1
   264 | D:1      | Reached XP level 2. HP: 30/31 MP: 2/2
   384 | D:1      | Reached XP level 3. HP: 37/37 MP: 3/3
   420 | D:1      | Found a faded altar of an unknown god.
  1099 | D:2      | Noticed Robin
  1556 | D:2      | Killed Robin
  1557 | D:2      | Reached XP level 4. HP: 40/48 MP: 4/4
  1756 | D:1      | HP: 2/48 [goblin/staff of earth[Robin] (3)]
  1757 | D:1      | Slain by a goblin

Illustrated notes

Levels and vault maps discovered:
D:1:      minmay_arrival_semitransparent, layout_loops_corners,
          hellmonk_ecumenical_altar_zigzags, hangedman_feature_mirror,
          minmay_split_cup_small
D:2:      layout_rooms, minmay_fractal_squares_gapless_5, uniq_robin,
          uniq_crazy_yiuf_cottage, uniq_jessica, uniq_terence

Skill      XL: |  1 |
---------------+----+-----
Fighting       | 3 |  3.9
Maces & Flails | 3 |  3.9
Throwing       | |  2.0
Dodging        | |  2.6

Action                   |  1- 3 |  4- 6 || total
-------------------------+-------+-------++-------
Melee: Flail             |   101 |    10 ||   111
  Use: Potion            |     1 |       ||     1
       Scroll            |     2 |     1 ||     3
Armor: Robe              |    38 |    17 ||    55
Dodge: Dodged            |    73 |    28 ||   101
